 Dungeon Crawl Stone Soup version 0.26.0-20-g3ca415f5b8 (webtiles) character file.

Game seed: 8649279823302312609

58 Gadfly the Skirmisher (level 4, -2/48 HPs)
             Began as an Ogre Monk on Jan 25, 2021.
             Killed from afar by an orc wizard (7 damage)
             ... with a magic dart
             ... on level 4 of the Dungeon.
             The game lasted 00:02:06 (1846 turns).

Gadfly the Skirmisher (Ogre Monk)                   Turns: 1846, Time: 00:02:06

Health: -2/48      AC:  3    Str: 16    XL:     4   Next: 1%
Magic:  5/5        EV: 10    Int: 11    God:
Gold:   57         SH:  0    Dex: 11    Spells: 3/3 levels left

rFire    . . .     SeeInvis .   a - +0 mace
rCold    . . .     Faith    .   (no shield)
rNeg     . . .     Spirit   .   b - +0 robe
rPois    .         Reflect  .   (helmet restricted)
rElec    .         Harm     .   (no cloak)
rCorr    .         Rampage  .   (gloves unavailable)
Will     .....                  (boots unavailable)
Stlth    ++........             e - amulet of regeneration
HPRegen  0.56/turn              (no ring)
MPRegen  0.09/turn              (no ring)

@: lethally poisoned (-2 -> -2)
A: large, unfitting armour, tough skin 1
a: no special abilities


You were on level 4 of the Dungeon.
You visited 1 branch of the dungeon, and saw 3 of its levels.

You collected 57 gold pieces.

Inventory:

Hand Weapons
 a - a +0 mace (weapon)
Missiles
 c - 36 stones (quivered)
Armour
 b - a +0 robe (worn)
Jewellery
 e - an amulet of regeneration (around neck)
Scrolls
 d - a scroll of magic mapping


   Skills:
 - Level 4.0 Fighting
 + Level 2.9 Maces & Flails
 * Level 1.4 Throwing
 * Level 1.1 Armour
 - Level 2.6 Dodging
 - Level 1.4 Stealth
 * Level 1.5 Invocations
 * Level 1.0 Evocations


You had 3 spell levels left.
You didn't know any spells.
Your spell library was empty.

Dungeon Overview and Level Annotations

Branches:
Dungeon (2/15)

Altars:


Innate Abilities, Weirdness & Mutations

You are too large for most types of armour.
You have tough skin. (AC +1)


Message History

You feel sick.
You feel sick.
You feel sick.
The orc wizard casts a spell.
The orc wizard seems to speed up.
You feel sick.
The orc wizard points at itself and mumbles some strange words.
The orc wizard flickers and vanishes!
Deactivating autopickup; reactivate with Ctrl-A.
You feel sick.
You feel sick.
You feel sick.
You feel sick.
You feel sick.
You feel sick.
You feel sick.
You feel sick.
A magic dart appears from out of thin air!
The magic dart hits you!
You die...

###..o.....#
###o....##
###o...##
##......#
##o......#
##{.##.....#
###..## #....#
#...## #....#
#..@### #...#
##.....## #..#
#.......## #.#
...........###
#...#......[..##
##..#..........##
#. #...........##
# #............##
#.............#


You could see 2 orcs.

Vanquished Creatures
  A worker ant (D:4)
  A dart slug (D:1)
  3 leopard geckos (D:1)
  3 giant cockroaches (D:1)
  3 goblins (D:1)
  4 hobgoblins (D:1)
  2 jackals (D:1)
  2 bats
  3 frilled lizards
  4 kobolds (D:1)
  3 rats (D:1)
29 creatures vanquished.

Notes
Turn   | Place    | Note
-------+----------+-------------------------------------------
     0 | D:1      | Gadfly the Ogre Monk began the quest for the Orb.
     0 | D:1      | Reached XP level 1. HP: 24/24 MP: 1/1
   213 | D:1      | Reached XP level 2. HP: 15/32 MP: 2/2
   673 | D:1      | Reached skill level 1 in Invocations
   914 | D:1      | Reached XP level 3. HP: 39/39 MP: 3/3
   933 | D:1      | Reached skill level 1 in Throwing
  1548 | D:2      | You fall into a shaft and drop 2 floors!
  1559 | D:4      | Reached skill level 1 in Armour
  1559 | D:4      | Reached skill level 1 in Evocations
  1559 | D:4      | Reached XP level 4. HP: 29/48 MP: 3/5
  1830 | D:4      | HP: 2/48 [poisoned by an orc wizard]
  1846 | D:4      | Killed from afar by an orc wizard

Illustrated notes

Levels and vault maps discovered:
D:1:      kennysheep_arrival_seaside, layout_rooms
D:2:      layout_loops_cross, solitary_fountain
D:4:      layout_cave_pods

Skill      XL: |  1  2  3 |
---------------+----------+-----
Invocations    | 1 |  1.5
Throwing       | 1 |  1.4
Armour         | 1 |  1.1
Evocations     | 1 |  1.0
Fighting       | |  4.0
Maces & Flails | |  2.9
Dodging        | |  2.6
Stealth        | |  1.4

Action                   |  1- 3 |  4- 6 || total
-------------------------+-------+-------++-------
Melee: Mace              |   103 |     6 ||   109
Throw: Stone             |    13 |     3 ||    16
  Use: Scroll            |     3 |       ||     3
 Stab: Sleeping          |     2 |       ||     2
Armor: Robe              |    24 |     2 ||    26
Dodge: Dodged            |    85 |    12 ||    97
